 Dungeon Crawl Stone Soup version 0.30-a0-989-g0d87f670db (webtiles) character file.

Game seed: 5377623490907701974

5710 Sobieck the Skirmisher (level 10, -3/82 HPs)
             Began as a Mummy Hunter on Apr 2, 2023.
             Was an Elder of Okawaru.
             Shot with an arrow by a centaur warrior (13 damage)
             ... on level 9 of the Dungeon.
             The game lasted 00:19:33 (9697 turns).

Sobieck the Skirmisher (Mummy Hunter)               Turns: 9697, Time: 00:19:33

Health: -3/82      AC: 19    Str: 14    XL:     10   Next: 48%
Magic:  12/12      EV: 10    Int:  9    God:    Okawaru [****..]
Gold:   499        SH:  5    Dex: 22    Spells: 9/9 levels left

rFire   x . .      SeeInvis .    a - +0 shortbow {bow}
rCold   + + .      Faith    +    (shield currently unavailable)
rNeg    + + +      Spirit   .    X - +9 scale mail "Keludyme" {-Tele rC+ Dex+2}
rPois   ∞          Reflect  +    S - +0 helmet
rElec   .          Rampage  .    V - +1 cloak
rCorr   .          NoTele   +    (no gloves)
Will    +....                    (no boots)
Stlth   +                        m - amulet of reflection
HPRegen 0.33/turn                (no ring)
MPRegen 0.13/turn                (no ring)

@: studying Axes
A: cold resistance 1, negative energy resistance 3, torment resistance 2, heat
vulnerability 1, in touch with death 1, no potions, faith
a: Renounce Religion, Heroism, Finesse


You were on level 9 of the Dungeon.
You worshipped Okawaru.
Okawaru was greatly pleased with you.
You visited 1 branch of the dungeon, and saw 10 of its levels.

You collected 499 gold pieces.


Innate Abilities, Weirdness & Mutations

You are immune to poison.
Your flesh is cold resistant. (rC+)
You are immune to negative energy. (rN+++)
You are immune to unholy pain and torment.
You are vulnerable to heat. (rF-)
You are in touch with the powers of death.
You do not drink.
You have a special connection with the divine. (Faith)


   Skills:
 + Level 8.9 Fighting
 - Level 10.0 Ranged Weapons
 + Level 5.1 Armour
 - Level 1.5 Dodging
 - Level 0.7 Stealth
 - Level 3.0 Invocations


You had 9 spell levels left.
You didn't know any spells.
Your spell library contained the following spells:

 Spells                   Type           Power      Damage    Failure   Level
 Magic Dart               Conj           0%         1d3       83%         1
 Slow                     Hex            0%         N/A       83%         1
 Confusing Touch          Hex            0%         N/A       99%         3
 Ignite Poison            Fire/Tmut/Pois 0%         N/A       99%         3
 Inner Flame              Hex/Fire       0%         N/A       99%         3
 Vampiric Draining        Necr           0%         2d6       99%         3
 Vhi's Electric Charge    Tloc/Air       0%         N/A       99%         3
 Cause Fear               Hex            0%         N/A       100%        4
 Sticky Flame             Conj/Fire      0%         2d3       100%        4
 Arcjolt                  Conj/Air       0%         1d10      100%        5
 Discord                  Hex            0%         N/A       100%        8
 Ignition                 Fire           0%         3d3       100%        8
 Maxwell's Capacitive Co  Air            0%         ∞         100%        8
 Sublimation of Blood     Necr           Unusable   N/A       N/A         2
 Wereblood                Tmut           Unusable   N/A       N/A         2
 Summon Hydra             Summ           Unusable   N/A       N/A         7

Inventory:

Hand Weapons
 a - a +0 shortbow (weapon) {bow}
 B - a +0 spectral whip {mace}
   (You found it on level 5 of the Dungeon)
 D - a +1 heavy hand axe {axe}
   (You took it off an orc on level 5 of the Dungeon)
 J - a +2 hand axe of flaming {axe}
   (You found it on level 5 of the Dungeon)
 N - a +2 trident of flaming {polearm}
   (You took it off an orc on level 6 of the Dungeon)
Missiles
 e - 85 stones {throwing}
 k - 2 throwing nets {=f!fthrowing}
 t - 21 poisoned darts {throwing}
 R - 8 curare-tipped darts {=fthrowing}
 Y - 11 boomerangs {throwing}
Armour
 c - a +0 leather armour
 f - a +0 robe
   (You took it off an orc wizard on level 5 of the Dungeon)
 j - a +0 robe
   (You took it off Sigmund on level 5 of the Dungeon)
 l - a +0 chain mail
   (You found it on level 2 of the Dungeon)
 o - a +0 leather armour
   (You found it on level 2 of the Dungeon)
 p - a +0 scale mail
   (You found it on level 2 of the Dungeon)
 r - a +0 chain mail
   (You found it on level 2 of the Dungeon)
 s - a +1 robe of willpower
   (You found it on level 2 of the Dungeon)
 u - a +0 leather armour
   (You took it off an orc on level 3 of the Dungeon)
 v - a +0 leather armour
   (You took it off an orc on level 3 of the Dungeon)
 w - a +0 robe
   (You took it off a kobold on level 3 of the Dungeon)
 x - a +0 chain mail
   (You took it off an orc on level 3 of the Dungeon)
 y - a +0 leather armour
   (You took it off an orc on level 4 of the Dungeon)
 z - a +0 leather armour
   (You took it off an orc on level 4 of the Dungeon)
 A - a +0 ring mail
   (You took it off an orc on level 4 of the Dungeon)
 C - a +0 leather armour
   (You found it on level 5 of the Dungeon)
 E - a +0 leather armour
   (You took it off a gnoll on level 5 of the Dungeon)
 F - a +0 ring mail
   (You took it off an orc on level 5 of the Dungeon)
 G - a +0 leather armour
   (You took it off a gnoll bouda on level 5 of the Dungeon)
 I - a +0 leather armour
   (You took it off an orc on level 5 of the Dungeon)
 L - a +0 leather armour
   (You took it off an orc on level 6 of the Dungeon)
 M - a +0 robe
   (You took it off an orc wizard on level 6 of the Dungeon)
 O - a +0 robe
   (You took it off an orc wizard on level 6 of the Dungeon)
 P - a +0 leather armour
   (You took it off an orc priest on level 6 of the Dungeon)
 S - a +0 helmet (worn)
   (You found it on level 6 of the Dungeon)
 U - a +0 leather armour
   (You found it on level 6 of the Dungeon)
 V - a +1 cloak (worn)
   (You found it on level 6 of the Dungeon)
 W - a +0 leather armour
   (You found it on level 7 of the Dungeon)
 X - the +9 scale mail "Keludyme" (worn) {-Tele rC+ Dex+2}
   (You found it on level 7 of the Dungeon)

   Dex:       It affects your dexterity (+2).
   rC:        It protects you from cold.
   -Tele:     It prevents most forms of teleportation.
 Z - a +0 leather armour
   (You took it off an orc on level 7 of the Dungeon)
Jewellery
 g - an amulet of faith {!P}
   (You found it on level 1 of the Dungeon)
 m - an amulet of reflection (around neck)
   (You found it on level 2 of the Dungeon)
Scrolls
 b - 2 scrolls of immolation {!r!r}
 d - 3 scrolls of fear
 h - a scroll of amnesia {unknown}
 i - a scroll of teleportation {@r4}
 n - a scroll of poison
 q - 4 scrolls of vulnerability {!r!r}
 H - a scroll of blinking {unknown}
 K - a scroll of torment
 Q - a scroll of enchant weapon {unknown}
 T - a scroll of fog {unknown}

Dungeon Overview and Level Annotations

Branches:
Dungeon (10/15) Zot: 25730  Temple (0/1) D:6
   Lair: D:8-11         Orc: D:9-12

Altars:
Ashenzari
Gozag
Hepliaklqana
Kikubaaqudgha
Makhleb
Okawaru
Qazlal
Sif Muna
Trog
Vehumet
Wu Jian

Shops:
D:5 (

Annotations:
D:3 Edmund
D:4 only two stairs down
D:5 1 runed translucent door, Crazy Yiuf, Dowan, Duvessa
D:6 1 runed translucent door, mitch45678's ghost, novice AtHW
D:7 2 transporters, Rudyous's ghost, novice GrEE

###.....###..#####.
.............#
.............## .#
##..........c.# #.#
#.).########.##
##..# ##.## #..#
....# #)# ##.##
....# #.#
#..########....#
#.##
###@.†....)...#
#..# ######.....##
#..## ###...#
##..## ##..# ##..##
..# ##..# ..# #..#
..Y #.## .... #.#
.....


You could see a centaur warrior.


Message History

You are too injured to fight recklessly!
You are too injured to fight recklessly!
You are too injured to fight recklessly!
Unknown command.
Fire: a) +0 shortbow {bow}
Press: ? - help, Q - select action, (/) - cycle Shift-Dir - straight line, f/p - yak
Aim: a yak (heavily wounded, 79% to hit)
You shoot an arrow. The arrow hits the yak!
The yak gores you but does no damage.
Fire: a) +0 shortbow {bow}
Press: ? - help, Q - select action, (/) - cycle Shift-Dir - straight line, f/p - yak
Aim: a yak (severely wounded, 79% to hit)
You shoot an arrow.
The arrow hits the yak but does no damage.
The yak barely misses you.
Fire: a) +0 shortbow {bow}
Press: ? - help, Q - select action, (/) - cycle Shift-Dir - straight line, f/p - yak
Aim: a yak (severely wounded, 79% to hit)
You shoot an arrow. The arrow hits the yak.
You block the yak's attack. The yak gores you but does no damage.
Fire: a) +0 shortbow {bow}
Press: ? - help, Q - select action, (/) - cycle Shift-Dir - straight line, f/p - yak
Aim: a yak (almost dead, 79% to hit)
You shoot an arrow.
The arrow hits the yak but does no damage.
The yak gores you!
Fire: a) +0 shortbow {bow}
Press: ? - help, Q - select action, (/) - cycle Shift-Dir - straight line, f/p - yak
Aim: a yak (almost dead, 79% to hit)
You shoot an arrow.
The arrow hits the yak but does no damage.
The yak gores you but does no damage.
Fire: a) +0 shortbow {bow}
Press: ? - help, Q - select action, (/) - cycle Shift-Dir - straight line, f/p - yak
Aim: a yak (almost dead, 79% to hit)
You shoot an arrow. The arrow barely misses the yak.
The yak closely misses you.
Fire: a) +0 shortbow {bow}
Press: ? - help, Q - select action, (/) - cycle Shift-Dir - straight line, f/p - yak
Aim: a yak (almost dead, 79% to hit)
You shoot an arrow. The arrow hits the yak.
The yak closely misses you.
Fire: a) +0 shortbow {bow}
Press: ? - help, Q - select action, (/) - cycle Shift-Dir - straight line, f/p - yak
Aim: a yak (almost dead, 79% to hit)
You shoot an arrow. The arrow closely misses the yak.
The yak gores you!
* * * LOW HITPOINT WARNING * * *
The yak closely misses you.
Fire: a) +0 shortbow {bow}
Press: ? - help, Q - select action, (/) - cycle Shift-Dir - straight line, f/p - yak
Aim: a yak (almost dead, 79% to hit)
You shoot an arrow.
The arrow hits the yak but does no damage.
The yak gores you!
* * * LOW HITPOINT WARNING * * *
Fire: a) +0 shortbow {bow}
Press: ? - help, Q - select action, (/) - cycle Shift-Dir - straight line, f/p - yak
Aim: a yak (almost dead, 79% to hit)
You shoot an arrow. The arrow barely misses the yak.
You block the yak's attack.
Fire: a) +0 shortbow {bow}
Press: ? - help, Q - select action, (/) - cycle Shift-Dir - straight line, f/p - yak
Aim: a yak (almost dead, 79% to hit)
You shoot an arrow. The arrow barely misses the yak.
The yak gores you!
* * * LOW HITPOINT WARNING * * *
Fire: a) +0 shortbow {bow}
Press: ? - help, Q - select action, (/) - cycle Shift-Dir - straight line, f/p - yak
Aim: a yak (almost dead, 79% to hit)
You shoot an arrow. The arrow closely misses the yak.
The yak gores you!
* * * LOW HITPOINT WARNING * * *
Fire: a) +0 shortbow {bow}
Press: ? - help, Q - select action, (/) - cycle Shift-Dir - straight line, f/p - yak
Aim: a yak (almost dead, 79% to hit)
You shoot an arrow. The arrow closely misses the yak.
The yak gores you but does no damage. x2
Fire: a) +0 shortbow {bow}
Press: ? - help, Q - select action, (/) - cycle Shift-Dir - straight line, f/p - yak
Aim: a yak (almost dead, 79% to hit)
You shoot an arrow. The arrow hits the yak.
You block the yak's attack.
Fire: a) +0 shortbow {bow}
Press: ? - help, Q - select action, (/) - cycle Shift-Dir - straight line, f/p - yak
Aim: a yak (almost dead, 79% to hit)
You shoot an arrow. The arrow hits the yak!
You kill the yak!
Okawaru accepts your kill.
Unknown command.
You start resting.
A centaur warrior comes into view.
Danger!
Unknown command.
The centaur warrior shouts!
The centaur warrior wields a +0 shortbow.
The centaur warrior shoots an arrow.
The arrow hits you!
* * * LOW HITPOINT WARNING * * *
The centaur warrior shoots an arrow.
The arrow hits you!
You die...

Skill      XL: |  1  2  3  4  5  6  7  8  9 10 |
---------------+-------------------------------+-----
Ranged Weapons | 4 6 7 8 9 10 | 10.0
Fighting       | 4 6 7 8 |  8.9
Invocations    | 3 |  3.0
Armour         | 3 5 |  5.1
Dodging        | |  1.5
Stealth        | |  0.7

Action                     |  1- 3 |  4- 6 |  7- 9 | 10-12 || total
---------------------------+-------+-------+-------+-------++-------
  Melee: Shortbow          |       |       |     1 |       ||     1
   Fire: Shortbow          |   104 |   160 |   584 |   174 ||  1022
 Invoke: Heroism           |       |       |     8 |     3 ||    11
    Use: Scroll            |       |     2 |     4 |       ||     6
 Armour: Leather armour    |    13 |    27 |    26 |       ||    66
         Scale mail        |       |       |   151 |    57 ||   208
  Dodge: Dodged            |    18 |    58 |   162 |    37 ||   275
  Block: Other             |     6 |    22 |    82 |    31 ||   141
         Reflection        |       |       |     3 |       ||     3

Levels and vault maps discovered:
D:1:      dpeg_arrival_orchard, layout_rooms, kennysheep_small_spiral,
          serial_bayou_pond_a
D:2:      layout_basic
D:3:      layout_basic, minmay_close_crescents, uniq_grinder
D:4:      layout_basic, fedhas_altar_3, uniq_edmund
D:5:      layout_basic, hellmonk_okawaru_the_only_friend_you_need, serial_shops,
          shop, uniq_sigmund, uniq_crazy_yiuf_cottage, uniq_duvessa
D:6:      layout_loops_ring, lemuel_round_altar, minmay_temple_entry_trees,
          serial_glass, glass_columns_a, glass_columns_a, ebering_ghost_sewer_d,
          nicolae_nh_ransacked_shop, uniq_menkaure
D:7:      layout_basic, grunt_temple_overflow_magic_moments,
          mainiacjoe_overflow_alcove_3, gammafunk_ghost_wrathful_warriors
D:8:      layout_basic, nicolae_gozag_cash_rules_everything_around_me,
          special_room [special_room_orc], minivault_14, fountainhead,
          uniq_erica
D:9:      layout_layer_cave, gammafunk_temple_overflow_pools,
          kennysheep_orc_monster_closet_entryway, minmay_microvault
D:10:     layout_irregular_city

Notes
Turn   | Place    | Note
-------+----------+-------------------------------------------
     0 | D:1      | Sobieck the Mummy Hunter began the quest for the Orb.
     0 | D:1      | Reached XP level 1. HP: 16/16 MP: 1/1
    86 | D:1      | Reached XP level 2. HP: 22/22 MP: 2/2
   398 | D:1      | Reached skill level 4 in Ranged Weapons
   582 | D:2      | Gained mutation: You are in touch with the powers of death.
                  | [Mummy growth]
   582 | D:2      | Reached XP level 3. HP: 27/27 MP: 3/3
  1047 | D:3      | Noticed Grinder
  1051 | D:3      | Paralysed by Grinder for 5 turns
  1062 | D:3      | Killed Grinder
  1063 | D:3      | Reached skill level 6 in Ranged Weapons
  1063 | D:3      | Reached XP level 4. HP: 25/33 MP: 4/4
  1063 | D:3      | Reached XP level 5. HP: 29/38 MP: 5/5
  1209 | D:3      | Reached XP level 6. HP: 44/44 MP: 6/6
  1411 | D:3      | You pick up a book of Hexes and begin reading...
  1411 | D:3      | You add the spells Inner Flame, Cause Fear and Discord to
                  | your library.
  1846 | D:4      | Noticed Edmund
  2130 | D:4      | You pick up a book of Blood and begin reading...
  2480 | D:4      | You pick up a book of Debilitation and begin reading...
  2480 | D:4      | You add the spells Slow, Vampiric Draining and Confusing
                  | Touch to your library.
  2625 | D:5      | Entered Level 5 of the Dungeon
  2697 | D:5      | Found an iron altar of Okawaru.
  2703 | D:5      | Became a worshipper of Warmaster Okawaru
  2782 | D:5      | HP: 6/44 [gnoll bouda/+0 club (6)]
  2810 | D:5      | HP: 11/44 [orc/+0 dagger (2)]
  2969 | D:5      | Reached skill level 7 in Ranged Weapons
  2970 | D:5      | Reached XP level 7. HP: 39/50 MP: 7/7
  3493 | D:5      | HP: 7/50 [ogre/+0 giant club (17)]
  3664 | D:5      | Noticed Sigmund
  3692 | D:5      | Killed Sigmund
  3692 | D:5      | Reached * piety under Okawaru
  3693 | D:5      | Reached skill level 3 in Fighting
  3880 | D:5      | Noticed Duvessa
  3880 | D:5      | Noticed Dowan
  3948 | D:5      | Found a runed translucent door.
  3949 | D:5      | Noticed Crazy Yiuf
  4145 | D:5      | Found Caumnab's Antique Weapon Emporium.
  4346 | D:6      | Reached skill level 4 in Fighting
  4346 | D:6      | Reached XP level 8. HP: 39/60 MP: 8/8
  4452 | D:6      | You add the spells Vhi's Electric Charge, Arcjolt and
                  | Maxwell's Capacitive Coupling to your library.
  4454 | D:6      | Found a runed translucent door.
  4457 | D:6      | Noticed mitch45678's ghost (novice AtHW)
  4469 | D:6      | Reached skill level 8 in Ranged Weapons
  4604 | D:6      | Found a staircase to the Ecumenical Temple.
  4740 | D:6      | Reached skill level 1 in Invocations
  4967 | D:6      | You add the spells Ignite Poison, Sticky Flame and Ignition
                  | to your library.
  5097 | D:6      | Reached skill level 2 in Invocations
  5108 | D:6      | Reached skill level 5 in Fighting
  5285 | D:6      | Found a hazy altar of Hepliaklqana.
  5314 | D:6      | Noticed Menkaure
  5321 | D:6      | Killed Menkaure
  5436 | D:7      | Reached ** piety under Okawaru
  5612 | D:7      | Reached skill level 3 in Invocations
  5730 | D:7      | Reached skill level 6 in Fighting
  5794 | D:7      | Identified the +9 scale mail "Keludyme" {-Tele rC+ Dex+2}
  5809 | D:7      | Found a radiant altar of Vehumet.
  5815 | D:7      | Got Vehumet's Elucidation of Conjuration {@e2}
  5817 | D:7      | Found an ancient bone altar of Kikubaaqudgha.
  5818 | D:7      | Found a shimmering blue altar of Sif Muna.
  5854 | D:7      | Reached XP level 9. HP: 69/69 MP: 11/11
  5893 | D:7      | Noticed a moth of wrath
  5894 | D:7      | Found a bloodstained altar of Trog.
  5894 | D:7      | Noticed Rudyous's ghost (novice GrEE)
  5896 | D:7      | Noticed a troll
  5901 | D:7      | Found a transporter.
  5918 | D:7      | Found a transporter.
  5933 | D:7      | Found a burning altar of Makhleb.
  5934 | D:7      | Found a broken altar of Ashenzari.
  5935 | D:7      | Found an ornate altar of the Wu Jian Council.
  5935 | D:7      | Found a stormy altar of Qazlal.
  6006 | D:7      | HP: 12/69 [orc priest/divine providence (12)]
  6009 | D:7      | Reached skill level 1 in Armour
  6346 | D:7      | HP: 10/69 [wraith (11)]
  6352 | D:7      | Reached *** piety under Okawaru
  6353 | D:7      | Reached skill level 9 in Ranged Weapons
  6856 | D:8      | Reached skill level 2 in Armour
  7121 | D:8      | Reached skill level 7 in Fighting
  7135 | D:8      | Reached skill level 3 in Armour
  7829 | D:8      | HP: 9/73 [orc priest/divine providence (14)]
  8178 | D:8      | Reached XP level 10. HP: 80/80 MP: 10/12
  8266 | D:8      | You fall into a shaft and drop 2 floors!
  8266 | D:10     | Entered Level 10 of the Dungeon
  8566 | D:7      | Reached **** piety under Okawaru
  8567 | D:7      | Reached skill level 4 in Armour
  8682 | D:8      | Noticed Erica
  8691 | D:8      | Killed Erica
  8692 | D:8      | Reached skill level 8 in Fighting
  9196 | D:8      | Reached skill level 10 in Ranged Weapons
  9314 | D:8      | Found an opulent altar of Gozag.
  9595 | D:9      | Reached skill level 5 in Armour
  9654 | D:9      | HP: 18/82 [yak (8)]
  9655 | D:9      | HP: 8/82 [yak (11)]
  9694 | D:9      | Noticed a centaur warrior
  9696 | D:9      | HP: 9/82 [centaur warrior/arrow (12)]
  9697 | D:9      | Shot with an arrow by a centaur warrior

Vanquished Creatures
  Erica (D:8)
  Grinder (D:3)
  A hornet (D:8)
  Sigmund (D:5)
  A wraith (D:7)
  3 yaks (D:9)
  A steam dragon (D:8)
  Menkaure (D:6)
  A water moccasin (D:8)
  2 ice beasts
  9 orc warriors
  2 black bears (D:7)
  A sky beast (D:7)
  4 ogres
  2 centaurs
  A phantom (D:4)
  2 kobold brigands
  5 bullfrogs
  A scorpion (D:4)
  3 wights (D:8)
  3 killer bees
  An electric eel (D:8)
  2 hounds
  9 orc priests
  2 gnoll boudas
  2 iguanas
  9 orc wizards
  7 gnolls
  5 adders
  A shadow imp (D:7)
  A white imp (D:5)
  A worm (D:2)
  5 dart slugs
  45 orcs
  5 ball pythons
  6 bats
  5 endoplasms
  A giant cockroach (D:1)
  7 goblins
  A hobgoblin (D:1)
  8 jackals
  20 kobolds
  3 quokkas
  4 frilled lizards
  3 rats (D:3)
199 creatures vanquished.

Table legend:
 A = Non-vault XP
 B = Vault XP
 C = Vault XP percentage of total XP
 D = Non-vault monster count
 E = Vault monster count
 F = Vault count percentage of total count
                 A         B        C        D         E       F
            +---------+---------+-------+---------+---------+-------
      Total |    5653 |    2505 |  30.7 |     164 |      35 |  17.6
            +---------+---------+-------+---------+---------+-------
        D:1 |      31 |       0 |   0.0 |      15 |       0 |   0.0
        D:2 |      35 |       0 |   0.0 |      11 |       0 |   0.0
        D:3 |      62 |     277 |  81.7 |      22 |       5 |  18.5
        D:4 |     304 |       0 |   0.0 |      16 |       0 |   0.0
        D:5 |     351 |     239 |  40.5 |      19 |       1 |   5.0
        D:6 |     625 |     274 |  30.5 |      14 |       8 |  36.4
        D:7 |    1561 |       0 |   0.0 |      26 |       0 |   0.0
        D:8 |    1600 |    1715 |  51.7 |      29 |      21 |  42.0
        D:9 |     937 |       0 |   0.0 |       9 |       0 |   0.0
       D:10 |     147 |       0 |   0.0 |       3 |       0 |   0.0
            +---------+---------+-------+---------+---------+-------

Illustrated notes

Table legend:
 A = Kills in this place as a percentage of kills in the entire game.
 B = Kills by you in this place as a percentage of kills by you in the entire game.
 C = Kills by friends in this place as a percentage of kills by friends in the entire game.
 D = Other kills in this place as a percentage of other kills in the entire game.
 E = Experience gained in this place as a percentage of experience gained in the entire game.
 F = Experience gained in this place divided by the number of levels of this place that you have seen.
                   A       B       C       D       E      F
               +-------+-------+-------+-------+-------+----------------------
         Total | 100.0 | 100.0 |   N/A |   N/A | 100.0 | 815.8
       Dungeon | 100.0 | 100.0 |   N/A |   N/A | 100.0 | 815.8
               +-------+-------+-------+-------+-------+----------------------

Table legend: (Time is in decaauts)
 A = Elapsed time spent in this place.
 B = Non-inter-level travel time spent in this place.
 C = Inter-level travel time spent in this place.
 D = Time resting spent in this place.
 E = Time spent auto-exploring this place.
 F = Levels seen in this place.
 G = Mean time per level.
                   A        B        C        D        E       F      G
               +--------+--------+--------+--------+--------+-----+--------+
         Total |   9929 |   9594 |    335 |   1288 |   6144 |  10 |  992.9 |
       Dungeon |   9929 |   9594 |    335 |   1288 |   6144 |  10 |  992.9 |
               +--------+--------+--------+--------+--------+-----+--------+

Top non-repeatable levels by time:
     D:8: 2068 daAuts
     D:7: 1773 daAuts
     D:5: 1605 daAuts
     D:6: 1130 daAuts
     D:3: 1030 daAuts
     D:4: 824 daAuts
     D:1: 527 daAuts
     D:2: 411 daAuts
     D:9: 366 daAuts
    D:10: 190 daAuts
